 Dungeon Crawl Stone Soup version 0.28-a0-1387-g3a22ab9bdc (webtiles) character file.

Game seed: 12496829014943032871

35 Deminshera the Skirmisher (level 3, -3/33 HPs)
             Began as a Hill Orc Abyssal Knight on Jan 2, 2022.
             Was an Initiate of Beogh.
             Slain by a gnoll (10 damage)
             ... on level 3 of the Dungeon.
             The game lasted 00:02:17 (1167 turns).

Deminshera the Skirmisher (Hill Orc Abyssal Knight) Turns: 1167, Time: 00:02:17

Health: -3/33      AC:  6    Str: 17    XL:     3   Next: 35%
Magic:  5/5        EV: 10    Int: 10    God:    Beogh [......]
Gold:   15         SH:  0    Dex: 11    Spells: 2/2 levels left

rFire   . . .      SeeInvis .   a - +1 hand axe
rCold   . . .      Faith    .   (no shield)
rNeg    . . .      Spirit   .   c - +1 ring mail {rPois}
rPois   +          Reflect  .   (no helmet)
rElec   .          Harm     .   (no cloak)
rCorr   .          Rampage  .   (no gloves)
Will    .....                   (no boots)
Stlth   +.........              (no amulet)
HPRegen 0.11/turn               (no ring)
MPRegen 0.09/turn               (no ring)

@: no status effects
A: no striking features
a: Renounce Religion


You were on level 3 of the Dungeon.
You worshipped Beogh.
Beogh was noncommittal.
You visited 1 branch of the dungeon, and saw 3 of its levels.
You visited the Abyss 1 time.

You collected 15 gold pieces.

Inventory:

Hand Weapons
 a - a +1 hand axe (weapon)
Armour
 c - a +1 ring mail of poison resistance (worn)
Jewellery
 g - an amulet of guardian spirit
Scrolls
 d - a scroll of identify {unknown}
Potions
 b - 2 potions of heal wounds {unknown}
 e - a potion of mutation {unknown}
 f - a potion of flight {unknown}


   Skills:
 + Level 3.9 Fighting
 * Level 3.6 Axes
 + Level 2.5 Armour
 + Level 1.2 Dodging
 + Level 2.9 Invocations


You had 2 spell levels left.
You didn't know any spells.
Your spell library contained the following spells:

 Spells                   Type           Power      Damage    Failure   Level
 Conjure Flame            Conj/Fire      0%         6-21      90%         3
 Ignite Poison            Fire/Tmut/Pois 0%         N/A       90%         3
 Sticky Flame             Conj/Fire      0%         2d3       100%        4


Dungeon Overview and Level Annotations

Branches:
Dungeon (2/15)

Altars:
Nemelex Xobeh


Message History

The orc wizard closely misses the gnoll.
The gnoll barely misses the orc wizard.
The gnoll closely misses you. The hobgoblin hits you.
Found a robe.
The gnoll misses the orc wizard.
The hobgoblin hits you but does no damage.
The gnoll barely misses the orc priest.
The orc wizard hits the gnoll with a +0 dagger of speed.
The orc priest hits the hobgoblin with a +0 dagger.
The hobgoblin dies!
The gnoll closely misses the orc wizard.
The orc wizard gestures at the gnoll while chanting.
The magic dart hits the gnoll.
The gnoll asks, "Where am I?"
The gnoll hits the orc wizard with a +0 halberd!!
The orc wizard dies!
The gnoll shouts!
The gnoll barely misses you.
Your movement speed is average.
Your attack delay is about 1.1.
You closely miss the gnoll. The gnoll misses you.
The gnoll hits you but does no damage. The gnoll barely misses you.
The gnoll hits you with a +0 whip.
* * * LOW HITPOINT WARNING * * *
The gnoll hits the orc priest with a +0 whip.
The orc priest hits the gnoll with a +0 dagger.
The gnoll closely misses the orc priest.
The orc priest hits the gnoll with a +0 dagger.
The gnoll hits the orc priest with a +0 whip.
The orc priest hits the gnoll with a +0 dagger.
The gnoll hits the orc priest with a +0 whip!
The orc priest completely misses the gnoll.
The gnoll barely misses the orc priest.
Okay, then.
The orc priest invokes the aid of Beogh against the gnoll.
The gnoll is smitten.
The gnoll dies!
There are monsters nearby!
The gnoll hits you from afar with a +0 halberd.
* * * LOW HITPOINT WARNING * * *
The gnoll hits you from afar with a +0 halberd!
You die...

#.........#####.#.# #
#.#######.#####$#[### .# #.#
#.##........#..# #g#
#.##.##.#....... ##g##
#.##.##....##.# #...#
#........8....# #...#
#####...8)..####### #...#
#........)8...!...#
###...#####.###.@.8.........#
..........#. ##g.g.8......[#
............ #..8.........#
...$......#. #..o.8.......#
###...#####.#.##..8...).....#
#...# #.........8^......#
#...# ###.###.8...#######
#...# # #...8.#
##.#######...###....#


You could see 2 gnolls and a neutral orc (wandering).

Vanquished Creatures
  An adder (D:2)
  3 dart slugs (D:1)
  2 giant cockroaches (D:2)
  A goblin (D:3)
  4 hobgoblins
  2 jackals (D:2)
  2 frilled lizards
  2 kobolds
  2 rats (D:1)
19 creatures vanquished.

Vanquished Creatures (others)
  An orc wizard (D:3)
  A gnoll (D:3)
  2 orcs (D:3)
  A hobgoblin (D:3)
5 creatures vanquished.

Grand Total: 24 creatures vanquished

Notes
Turn   | Place    | Note
-------+----------+-------------------------------------------
     0 | Abyss:1  | Deminshera the Hill Orc Abyssal Knight began the quest for
                  | the Orb.
     0 | Abyss:1  | Reached XP level 1. HP: 19/19 MP: 2/2
    55 | Abyss:1  | Noticed a thrashing horror
    57 | D:1      | Escaped the Abyss
   285 | D:1      | Reached XP level 2. HP: 23/27 MP: 3/3
   373 | D:1      | Reached skill level 1 in Dodging
   771 | D:2      | Reached * piety under Lugonu
   824 | D:2      | Reached XP level 3. HP: 27/33 MP: 5/5
   989 | D:2      | You fall into a shaft and drop 1 floor!
  1064 | D:3      | Found a sparkling altar of Nemelex Xobeh.
  1137 | D:3      | Fell from the grace of Lugonu
  1137 | D:3      | Became a worshipper of Beogh the Brigand
  1167 | D:3      | Slain by a gnoll

Illustrated notes

Levels and vault maps discovered:
D:1:      doesnt_arrival_eight_statues, layout_basic
D:2:      layout_loops_ring, serial_shops, shop, uniq_terence
D:3:      layout_loops_cross, bloody_makhleb, nemelex_xobeh_ov_fountains_minmay,
          minmay_misc_feat_iff, minmay_misc_feat_pillars

Skill      XL: |  1  2 |
---------------+-------+-----
Axes           | 3 |  3.6
Dodging        | 1 |  1.2
Fighting       | |  3.9
Armour         | |  2.5
Invocations    | |  2.9

Action                   || total
-------------------------++-------
Melee: Hand axe          ||    69
Invok: Depart the Abyss  ||     1
       Convert to Beogh  ||     1
Armor: Ring mail         ||    36
Dodge: Dodged            ||    46

Table legend: (Time is in decaauts)
 A = Elapsed time spent in this place.
 B = Non-inter-level travel time spent in this place.
 C = Inter-level travel time spent in this place.
 D = Time resting spent in this place.
 E = Time spent auto-exploring this place.
 F = Levels seen in this place.
 G = Mean time per level.
                   A        B        C        D        E       F      G
               +--------+--------+--------+--------+--------+-----+--------+
         Total |   1176 |   1159 |     17 |      0 |    863 |   4 |  294.0 |
       Dungeon |   1119 |   1102 |     17 |      0 |    818 |   3 |  373.0 |
         Abyss |     57 |     57 |      0 |      0 |     45 |   1 |   57.0 |
               +--------+--------+--------+--------+--------+-----+--------+

Top non-repeatable levels by time:
     D:1: 696 daAuts
     D:2: 243 daAuts
     D:3: 178 daAuts
 Abyss:1: 57 daAuts
